AoeStats
← Capt_Obv

Golden Pit

509367291Analyzed
1v1 RM · 4d ago on Sep 26, 2026· 23m 53s· 2 players
Game mode
Random Map
Map size
Tiny (2 player)
Population
200
Speed
Normal
Resources
Standard
Victory
Conquest
Starting age
Dark Age
Ending age
Imperial Age
RankedLock teamsTeams togetherTeam positionsShared explorationLock speedFull tech treeHidden civsTurbo modeCheats
Victory
Defeat
🇺🇸 Danes · United States
323
+7
🇺🇸 Celts · United States
115
-7
Capt_Obv
12:33 Feudal Age
22:53 Castle Age
ewangg47
13:16 Feudal Age
14:18 Man-at-Arms
14:46 Arson
17:01 Forging
21:18 Castle Age
23:21 Wheelbarrow
22:57 Double-Bit Axe
22:54 Horse Collar
Connection lost

Rejoining the realm…

Still unreachable

The connection could not be restored.

Session expired

The server has moved on; the page needs a fresh start.